 Dungeon Crawl Stone Soup version 0.19.1 (webtiles) character file.

2860 HelpMeObiWan the Destroyer (level 9, -4/48 HPs)
             Began as a Deep Elf Conjurer on Dec 2, 2016.
             Was a Believer of Vehumet.
             Slain by a komodo dragon (16 damage)
             ... on level 1 of the Lair of Beasts.
             The game lasted 00:28:05 (11678 turns).

HelpMeObiWan the Destroyer (Deep Elf Conjurer)     Turns: 11678, Time: 00:28:06

Health: -4/48      AC:  4    Str:  9    XL:     9   Next: 47%
Magic:  10/25      EV: 15    Int: 24    God:    Vehumet [**....]
Gold:   325        SH:  0    Dex: 15    Spells: 5 memorised, 11 levels left

rFire  . . .     SeeInvis .     C - staff of cold
rCold  + . .     Gourm    .     a - +1 robe
rNeg   . . .     Faith    .     (no shield)
rPois  +         Spirit   .     o - +0 helmet
rElec  .         Reflect  .     (no cloak)
rCorr  .         Harm     .     (no gloves)
MR     .....                    (no boots)
Stlth  +++.......               (no amulet)
                                t - ring of poison resistance
                                E - +4 ring of strength (curse)

@: no status effects
A: no striking features
a: Renounce Religion


You were on level 1 of the Lair of Beasts.
You worshipped Vehumet.
Vehumet was pleased with you.
You were hungry.

You visited 3 branches of the dungeon, and saw 10 of its levels.

You collected 325 gold pieces.

Inventory:

Hand Weapons
 j - a +1 dagger of venom
Missiles
 f - 2 throwing nets (quivered)
Armour
 a - a +1 robe (worn)
 o - a +0 helmet (worn)
Magical Staves
 C - an uncursed staff of cold (weapon)
Jewellery
 t - a ring of poison resistance (right hand)
 u - an uncursed ring of flight
 w - the ring "Tion" {*Corrode +Blink rF- SInv Stlth-}
   (You took it off a gnoll on level 7 of the Dungeon)

   [ring of loudness]

   It makes you vulnerable to fire.
   It lets you see invisible.
   It lets you blink.
   It may corrode you when you take damage.
   It makes you less stealthy.
 E - a cursed +4 ring of strength (left hand)
Wands
 y - a wand of paralysis (14/24)
Scrolls
 i - 6 scrolls of identify
 k - a scroll of magic mapping
 l - a scroll of remove curse
 n - a scroll of enchant weapon
 q - a scroll of summoning {unknown}
 x - a scroll of teleportation
 H - a scroll of fog {unknown}
Potions
 d - 5 potions of curing
 e - a potion of agility
 g - a potion of cure mutation {unknown}
 m - 3 potions of might {unknown}
 p - 4 potions of flight {unknown}
 r - a potion of magic {unknown}
 z - a potion of brilliance {unknown}
 A - a potion of mutation {unknown}
 D - a potion of ambrosia {unknown}
Books
 b - a book of Conjurations

   Spells                             Type                      Level
   a - Magic Dart                     Conjuration                  1
   b - Searing Ray                    Conjuration                  2
   c - Dazzling Spray                 Conjuration/Hexes            3
   d - Fulminant Prism                Conjuration/Hexes            4
   e - Iskenderun's Mystic Blast      Conjuration                  4
   f - Iskenderun's Battlesphere      Conjuration/Charms           5
Comestibles
 c - 10 bread rations
 h - 4 meat rations
 s - 7 fruits
 v - a royal jelly
 B - 6 beef jerkies
 G - a slice of pizza


   Skills:
 + Level 2.0 Fighting
 * Level 5.6 Dodging
 + Level 3.7 Stealth
 - Level 10.1 Spellcasting
 - Level 10.5 Conjurations
 - Level 4.1 Charms


You had 11 spell levels left.
You knew the following spells:

 Your Spells              Type           Power        Failure   Level  Hunger
a - Magic Dart            Conj           ####         1%          1    None
b - Iskenderun's Mystic   Conj           ######..     1%          4    #......
c - Iskenderun's Battles  Conj/Chrm      #####...     10%         5    ####...
d - Dazzling Spray        Conj/Hex       #####.       1%          3    None
e - Fulminant Prism       Conj/Hex       #####.....   8%          4    #......


Dungeon Overview and Level Annotations

Branches:
Dungeon (8/15)             Temple (1/1) D:5            Lair (1/6) D:8

Altars:
Ashenzari
Cheibriados
Dithmenos
Elyvilon
Fedhas
Gozag
Hepliaklqana
Kikubaaqudgha
Makhleb
Nemelex Xobeh
Okawaru
Qazlal
Ru
Sif Muna
Trog
Uskayaw
Vehumet
Xom
Yredelemnul
Zin
The Shining One

Shops:
D:6 (

Annotations:
D:3 Natasha


Message History

The komodo dragon is lightly wounded.
Casting: Magic Dart
Confirm with . or Enter, or press ? or * to list all spells.
Aiming: Iskenderun's Mystic Blast
Press: ? - help, Shift-Dir - straight line, f/p - komodo dragon
Aim: a komodo dragon (lightly wounded)
The orb of energy hits the komodo dragon.
The komodo dragon is heavily wounded.
The orb of energy explodes!
The komodo dragon bites you!!
* * * LOW HITPOINT WARNING * * *
There is a staircase back to the Dungeon here.
Casting: Iskenderun's Mystic Blast
Confirm with . or Enter, or press ? or * to list all spells.
Aiming: Iskenderun's Mystic Blast
Press: ? - help, Shift-Dir - straight line, f/p - komodo dragon
Aim: a komodo dragon (heavily wounded)
The orb of energy hits the komodo dragon.
The komodo dragon is almost dead.
The komodo dragon bites you!
You die...

....... .......
....... .[.....
. .......
..#######......#
.........†.....#
........l#
#####P@.#
.........P#
.........##
.........#
......#..#
......+..#
......#..#
......#..#


You could see a komodo dragon.

Vanquished Creatures
  Sigmund (D:6)
  2 sky beasts
  A phantom (D:6)
  2 ice beasts (D:5)
  7 ogres
  2 centaurs (D:8)
  5 bullfrogs
  2 howler monkeys (D:5)
  2 bullfrog zombies
  A centaur zombie (D:5)
  A jelly (D:7)
  6 orc wizards
  2 orc priests
  A bullfrog skeleton (D:8)
  A gnoll shaman (D:6)
  4 hounds
  Natasha (D:3)
  An iguana (D:7)
  3 worker ants
  A hound skeleton (D:8)
  A worker ant zombie (D:5)
  Robin (D:3)
  15 gnolls
  10 adders
  2 shadow imps (D:5)
  2 adder skeletons
  3 worms
  4 dart slugs
  2 leopard geckos
  33 orcs
  8 giant cockroaches
  20 goblins
  10 hobgoblins
  8 jackals
  4 quokkas
  3 ball pythons
  11 bats
  4 frilled lizards
  9 kobolds
  8 rats
204 creatures vanquished.

Notes
Turn   | Place    | Note
-------+----------+-------------------------------------------
     0 | D:1      | HelpMeObiWan the Deep Elf Conjurer began the quest for the Orb.
     0 | D:1      | Reached XP level 1. HP: 10/10 MP: 6/6
   297 | D:1      | Reached XP level 2. HP: 16/16 MP: 5/8
   407 | D:1      | Reached skill level 5 in Conjurations
   566 | D:1      | Reached XP level 3. HP: 20/20 MP: 7/9
   916 | D:2      | Reached skill level 1 in Fighting
  1503 | D:2      | Reached XP level 4. HP: 25/25 MP: 4/11
  2121 | D:3      | Learned a level 4 spell: Iskenderun's Mystic Blast
  2229 | D:3      | Noticed Robin
  2336 | D:3      | Noticed Natasha
  2531 | D:3      | Killed Natasha
  2531 | D:3      | Reached XP level 5. HP: 29/29 MP: 3/13
  2538 | D:3      | Learned a level 5 spell: Iskenderun's Battlesphere
  2909 | D:3      | Found a shimmering altar of Xom.
  3240 | D:3      | Noticed Natasha
  3323 | D:3      | Killed Robin
  3911 | D:4      | Reached skill level 5 in Spellcasting
  3911 | D:4      | Reached XP level 6. HP: 14/34 MP: 7/15
  5196 | D:5      | Entered Level 5 of the Dungeon
  5422 | D:5      | Reached XP level 7. HP: 38/38 MP: 10/19
  5516 | D:5      | Found a staircase to the Ecumenical Temple.
  5523 | Temple   | Entered the Ecumenical Temple
  5571 | Temple   | Became a worshipper of Vehumet
  5587 | D:5      | Learned a level 3 spell: Dazzling Spray
  5592 | D:5      | Learned a level 4 spell: Fulminant Prism
  5722 | D:5      | Found a glowing silver altar of Zin.
  5722 | D:5      | Noticed an angel
  6060 | D:5      | Found a shadowy altar of Dithmenos.
  6061 | D:5      | Found an iron altar of Okawaru.
  6306 | D:6      | Noticed Sigmund
  7284 | D:5      | Reached * piety under Vehumet
  7284 | D:5      | Offered knowledge of Freeze by Vehumet.
  7300 | D:5      | Reached XP level 8. HP: 4/43 MP: 1/22
  7710 | D:5      | Found a bloodstained altar of Trog.
  8203 | D:5      | Reached skill level 1 in Charms
  8626 | D:6      | Killed Sigmund
  8920 | D:6      | Found a blossoming altar of Fedhas.
  8947 | D:6      | Found Saejosk's Weapon Shoppe.
  8988 | D:6      | Found a sacrificial altar of Ru.
  9624 | D:7      | Reached ** piety under Vehumet
  9624 | D:7      | Reached skill level 10 in Conjurations
  9627 | D:7      | Offered knowledge of Shock by Vehumet.
  9637 | D:7      | Got a flickering iron ring
  9651 | D:7      | Identified the ring "Tion" {*Corrode +Blink rF- SInv Stlth-} (You took it off a gnoll on level 7 of the Dungeon)
  9800 | D:7      | Reached XP level 9. HP: 42/47 MP: 19/24
 10003 | D:8      | Found a staircase to the Lair.
 10380 | D:8      | Reached skill level 10 in Spellcasting
 11523 | D:8      | Reached skill level 5 in Dodging
 11661 | Lair:1   | Entered Level 1 of the Lair of Beasts
 11671 | Lair:1   | Noticed a komodo dragon
 11678 | Lair:1   | Slain by a komodo dragon

Skill      XL: |  1  2  3  4  5  6  7  8  9 |
---------------+----------------------------+-----
Conjurations   | 5 6 7 8 10 | 10.5
Fighting       | 1 2 |  2.0
Stealth        | 3 |  3.7
Spellcasting   | 4 5 6 8 9 10 | 10.1
Charms         | 3 4 |  4.1
Dodging        | 5 |  5.6

Action                   |  1- 3 |  4- 6 |  7- 9 || total
-------------------------+-------+-------+-------++-------
Melee: Dagger            |     1 |    18 |    13 ||    32
 Cast: Magic Dart        |    56 |   159 |   301 ||   516
       Iskenderun's Myst |       |    19 |    21 ||    40
       Iskenderun's Batt |       |       |     7 ||     7
  Use: Scroll            |       |     4 |     6 ||    10
 Stab: Sleeping          |     1 |       |       ||     1
  Eat: Chunk             |     2 |    14 |    20 ||    36
       Fruit             |       |       |     1 ||     1
Armor: Robe              |     2 |     6 |    11 ||    19
Dodge: Dodged            |     9 |    46 |    84 ||   139
